 Dungeon Crawl Stone Soup version 0.21.1-1-g345015f (webtiles) character file.

16 tidbits the Charmwright (level 2, 7/26 HPs)
             Began as a Gnoll Skald on June 22, 2018.
             Quit the game on level 2 of the Dungeon.
             The game lasted 00:01:58 (200 turns).

tidbits the Charmwright (Gnoll Skald)                Turns: 200, Time: 00:01:59

Health: 7/26       AC:  3    Str: 13    XL:     2   Next: 54%
Magic:  3/7        EV: 14    Int: 15    God:
Gold:   50         SH:  0    Dex: 14    Spells: 5/10 levels left

rFire    . . .     SeeInvis .   a - +0 hand axe
rCold    . . .     Gourm    .   (no shield)
rNeg     . . .     Faith    .   b - +0 leather armour
rPois    .         Spirit   .   (no helmet)
rElec    .         Reflect  .   (no cloak)
rCorr    .         Harm     .   (no gloves)
MR       .....                  (no boots)
Stlth    +.........             (no amulet)
HPRegen  0.08/turn              (no ring)
MPRegen  0.10/turn              (no ring)

@: seriously poisoned (7 -> 1)
A: distributed training, fangs 1, strong nose
a: no special abilities


You were on level 2 of the Dungeon.
You were not hungry.

You visited 1 branch of the dungeon, and saw 2 of its levels.

You collected 50 gold pieces.

Inventory:

Hand Weapons
 a - a +0 hand axe (weapon)
 h - a +1 antimagic spear
   (You found it on level 1 of the Dungeon)
Armour
 b - a +0 leather armour (worn)
Scrolls
 e - 2 scrolls of teleportation {unknown}
 f - a scroll of remove curse {unknown}
 g - a scroll of identify {unknown}
Books
 c - a book of Battle

   Spells                             Type                      Level
   a - Infusion                       Charms                       1
   b - Shroud of Golubria             Charms/Translocation         2
   c - Song of Slaying                Charms                       2
   d - Spectral Weapon                Hexes/Charms                 3
   e - Regeneration                   Charms/Necromancy            3
Comestibles
 d - a ration


   Skills:
 + Level 4.5 Fighting
 + Level 0.4 Short Blades
 + Level 0.4 Long Blades
 + Level 4.5 Axes
 + Level 0.4 Maces & Flails
 + Level 0.4 Polearms
 + Level 0.4 Staves
 + Level 0.4 Slings
 + Level 0.4 Bows
 + Level 0.4 Crossbows
 + Level 0.4 Throwing
 + Level 2.5 Armour
 + Level 4.5 Dodging
 + Level 0.4 Stealth
 + Level 0.4 Shields
 + Level 0.4 Unarmed Combat
 + Level 4.9 Spellcasting
 + Level 0.2 Conjurations
 + Level 0.2 Hexes
 + Level 5.3 Charms
 + Level 0.2 Summonings
 + Level 0.2 Necromancy
 + Level 0.2 Translocations
 + Level 0.2 Transmutations
 + Level 0.2 Fire Magic
 + Level 0.2 Ice Magic
 + Level 0.2 Air Magic
 + Level 0.2 Earth Magic
 + Level 0.2 Poison Magic
 + Level 0.5 Invocations
 + Level 0.4 Evocations


You had 5 spell levels left.
You knew the following spells:

 Your Spells              Type           Power        Failure   Level  Hunger
g - Shroud of Golubria    Chrm/Tloc      ##........   10%         2    ##.....
i - Infusion              Chrm           ###.         2%          1    None
y - Song of Slaying       Chrm           ###.....     3%          2    ##.....


Dungeon Overview and Level Annotations

Branches:
Dungeon (2/15)

Altars:
Ashenzari


Innate Abilities, Weirdness & Mutations

Your experience applies equally to all skills.
You have very sharp teeth.
Your uncanny sense of smell can sniff out nearby items.


Message History

You start memorising the spell.
You continue memorising. x2
You finish memorising.
Spell assigned to 'g'.
A kobold comes into view.
The kobold shouts!
The kobold throws a stone.
The stone misses you.
A giant cockroach comes into view.
The giant cockroach moves out of view.
Found a shattered altar of Ashenzari.
You are no longer magically infusing your attacks.
The kobold throws a stone.
The stone hits you but does no damage.
You see here a stone.
A goblin comes into view. It is wielding a dagger.
The goblin moves out of view.
Found 24 bolts.
A hobgoblin comes into view. It is wielding a club.
The hobgoblin shouts!
You hear a shout!
The hobgoblin moves out of view.
A goblin comes into view. It is wielding a club.
Casting: Infusion
Confirm with . or Enter, or press ? or * to list all spells.
You start singing a song of slaying.
Unknown command.
You barely miss the hobgoblin. The hobgoblin hits you with a club.
* * * LOW HITPOINT WARNING * * *
You closely miss the hobgoblin. The hobgoblin closely misses you.
You hit the hobgoblin but do no damage. The hobgoblin completely misses you.
You closely miss the hobgoblin. You hit the goblin but do no damage.
The goblin misses you. The hobgoblin hits you with a club.
* * * LOW HITPOINT WARNING * * *
You closely miss the hobgoblin. You miss the goblin.
The goblin hits you but does no damage.
You hit the hobgoblin but do no damage. You hit the goblin.
You kill the goblin!
You hit the giant cockroach. The hobgoblin hits you with a club.
* * * LOW HITPOINT WARNING * * *
The giant cockroach closely misses you.
You hit the hobgoblin.
The hobgoblin is heavily wounded.
You barely miss the giant cockroach. The giant cockroach barely misses you.
The hobgoblin completely misses you.
You hit the hobgoblin.
You kill the hobgoblin!
You closely miss the giant cockroach. The giant cockroach misses you.
The giant cockroach closely misses you.
You hit the giant cockroach.
The giant cockroach is almost dead.
The giant cockroach barely misses you. The giant cockroach misses you.
There is a shattered altar of Ashenzari, spattered with blood here.
Things that are here:
a club; a hobgoblin corpse You hit the giant cockroach.
You kill the giant cockroach!
The kobold throws a stone.
The stone barely misses you.
You hit the goblin.
You kill the goblin!
The kobold throws a stone.
The stone hits you but does no damage. The kobold barely misses you.
Things that are here:
a dagger; a goblin corpse; a giant cockroach corpse You slash the kobold!
You kill the kobold!
Okay, then.
There is a shattered altar of Ashenzari, spattered with blood here.
Things that are here:
a stone; a club; a hobgoblin corpse You hear a shout!
You hear an angry hiss.
An adder comes into view.
Your song is almost over.
You hear an angry hiss.
The adder moves out of view.
Found a scroll labeled NAWIOPL ZO AFUSCH.
A frilled lizard, a bat and a kobold come into view.
You aren't carrying any potions.
Unknown command.
You slash the adder! Your bite misses the adder.
The adder is almost dead.
The adder misses you.
You closely miss the adder.
The adder is almost dead.
The adder barely misses you. The adder bites you.
* * * LOW HITPOINT WARNING * * *
You are poisoned.
The adder poisons you!
Unknown command.
You closely miss the adder.
The adder is almost dead.
* * * LOW HITPOINT WARNING * * *
You feel sick. The adder closely misses you.
A goblin comes into view. It is wielding a club.
You closely miss the adder.
The adder is almost dead.
You hit the kobold.
You kill the kobold!
Your song has ended.
The adder closely misses you.
You aren't carrying any potions.
Unknown command.
Are you sure you want to abandon this character and quit the game? (Confirm with "yes".)

#...# ∆ #...# ... ..
#....# ... . # #. #..###
#.# .#.. . #....# #.#
..... ####..#)#
###.###g#...
#.....#.#####...........
.(###†)_....(........?..
..(...#.#.......@S......
###................#....
................l......#
......(....#####.....##
#............ .....##
...........### #....#
#.........## .......
..........# .......
#....(..... ....


You could see an adder, a goblin and a frilled lizard.

Vanquished Creatures
  A worm (D:2)
  2 bats (D:1)
  A giant cockroach (D:2)
  3 goblins
  A hobgoblin (D:2)
  2 kobolds (D:2)
  3 rats
13 creatures vanquished.

Notes
Turn   | Place    | Note
-------+----------+-------------------------------------------
     0 | D:1      | tidbits the Gnoll Skald began the quest for the Orb.
     0 | D:1      | Reached XP level 1. HP: 20/20 MP: 6/6
   153 | D:2      | Reached XP level 2. HP: 14/26 MP: 0/7
   160 | D:2      | Learned a level 2 spell: Song of Slaying
   163 | D:2      | Learned a level 2 spell: Shroud of Golubria
   164 | D:2      | Found a shattered altar of Ashenzari.
   200 | D:2      | Quit the game

Action                   || total
-------------------------++-------
Melee: Hand axe          ||    31
 Cast: Infusion          ||     3
       Song of Slaying   ||     1
Armor: Leather armour    ||     3
Dodge: Dodged            ||    23

Table legend:
 A = Turns spent in this place as a percentage of turns spent in the entire game.
 B = Non-inter-level travel turns spent in this place as a percentage of non-inter-level travel turns spent in the entire game.
 C = Inter-level travel turns spent in this place as a percentage of turns spent in this place.
 D = Turns resting spent in this place as a percentage of non-inter-level travel turns spent in this place.
 E = Turns spent auto-exploring this place as a percentage of non-inter-level travel turns spent in this place.
 F = Non-inter-level travel turns spent in this place divided by the number of levels of this place that you've seen.
                   A       B       C       D       E      F
               +-------+-------+-------+-------+-------+----------------------
         Total | 100.0 | 100.0 |   0.0 |   0.0 |   0.0 | 100.0
       Dungeon | 100.0 | 100.0 |   0.0 |   0.0 |   0.0 | 100.0
               +-------+-------+-------+-------+-------+----------------------

Table legend:
 A = Kills in this place as a percentage of kills in entire the game.
 B = Kills by you in this place as a percentage of kills by you in the entire game.
 C = Kills by friends in this place as a percentage of kills by friends in the entire game.
 D = Other kills in this place as a percentage of other kills in the entire game.
 E = Experience gained in this place as a percentage of experience gained in the entire game.
 F = Experience gained in this place divided by the number of levels of this place that you have seen.
                   A       B       C       D       E      F
               +-------+-------+-------+-------+-------+----------------------
         Total | 100.0 | 100.0 |   N/A |   N/A | 100.0 |  11.5
       Dungeon | 100.0 | 100.0 |   N/A |   N/A | 100.0 |  11.5
               +-------+-------+-------+-------+-------+----------------------

Vault maps used:
D:1:      dpeg_arrival_windows_large_door
D:2:      lemuel_coloured_pillars_altar, ashenzari_altar_1,
          corexii_leaking_fountain, grunt_ministairs_13
